 Dungeon Crawl Stone Soup version 0.32-a0-834-geaf45d8e21 (webtiles) character file.

Game seed: 4301112404747842905

1211 Fodor the Cleaver (level 8, -2/69 HPs)
             Began as a Minotaur Fighter on Mar 25, 2024.
             Was an Initiate of Gozag.
             Slain by a black bear (4 damage)
             ... on level 6 of the Dungeon.
             The game lasted 00:13:09 (4762 turns).

Fodor the Cleaver (Minotaur Fighter)                Turns: 4762, Time: 00:13:09

Health: -2/69      AC:  2    Str: 23    XL:     8   Next: 22%
Magic:  7/7        EV:  7    Int:  5    God:    Gozag
Gold:   334        SH:  4    Dex: 10    Spells: 7/7 levels left

rFire   . . .        a - +0 war axe
rCold   . . .        c - +0 buckler
rNeg    . . .        b - +0 chain mail
rPois   .            (helmet currently unavailable)
rElec   .            (cloak currently unavailable)
rCorr   .            (gloves currently unavailable)
SInv    .            (boots currently unavailable)
Will    .....        (no amulet) Stlth
                     (no ring)
HPRegen 0.31/turn    (no ring)
MPRegen 0.10/turn

%: no passive effects
@: mighty, beast-form, corroded
A: beast (slay +1), horns 2, retaliatory headbutt
a: Begin Untransformation, Renounce Religion, Potion Petition, Call Merchant,
Bribe Branch


You were on level 6 of the Dungeon.
You worshipped Gozag.
Gozag was aware of your devotion.
You were a hulking beast.
You visited 2 branches of the dungeon, and saw 7 of its levels.

You collected 412 gold pieces.
You paid 78 gold pieces to Gozag.

Inventory:

Hand Weapons
 a - a +0 war axe (weapon)
 y - a +0 shortbow
Missiles
 o - a boomerang (quivered)
Armour
 b - a +0 chain mail (worn)
 c - a +0 buckler (worn)
 A - a +0 cloak
Jewellery
 e - a ring of poison resistance
Talismans
 k - a beast talisman (active)
Wands
 q - a wand of roots (9)
 x - a wand of light (6)
 B - a wand of flame (5)
Scrolls
 f - a scroll of fog {unknown}
 g - a scroll of identify {unknown}
 h - a scroll of enchant armour {unknown}
 j - a scroll of vulnerability {unknown}
 r - 2 scrolls of blinking {unknown}
 s - a scroll of enchant weapon {unknown}
 t - a scroll of silence {unknown}
 u - 2 scrolls of amnesia {unknown}
 v - 4 scrolls of teleportation {unknown}
 C - 2 scrolls of torment {unknown}
 E - a scroll of immolation {unknown}
Potions
 d - 2 potions of might
 i - a potion of ambrosia {unknown}
 l - 3 potions of haste {unknown}
 m - a potion of heal wounds {unknown}
 n - a potion of brilliance {unknown}
 p - 3 potions of degeneration {unknown}
 w - 3 potions of lignification {unknown}
 z - a potion of attraction {unknown}
 D - 2 potions of curing {unknown}


   Skills:
 + Level 5.6 Fighting
 + Level 8.2 Axes
 + Level 1.9 Throwing
 + Level 6.2 Armour
 + Level 1.2 Dodging
 + Level 0.2 Stealth
 + Level 4.7 Shields
 + Level 2.0 Shapeshifting


You had 7 spell levels left.
You didn't know any spells.
Your spell library was empty.

Dungeon Overview and Level Annotations

Branches:
Dungeon (6/15)             Temple (1/1) D:5

Altars:
Ashenzari
Cheibriados
Dithmenos
Elyvilon
Fedhas
Gozag
Hepliaklqana
Makhleb
Nemelex Xobeh
Okawaru
Qazlal
Ru
Sif Muna
Trog
Vehumet
Wu Jian
Xom
Yredelemnul
Zin
The Shining One

Shops:
D:3 [


Innate Abilities, Weirdness & Mutations

You are a hulking beast.
Your limbs bulge with bestial killing power. (Slay +1)
You have a pair of horns on your head.
You reflexively headbutt those who attack you in melee.


Message History

The black bear closely misses you. The black bear claws you.
The black bear claws you but does no damage.
You hit the black bear but do no damage.
The black bear is severely wounded.
The black bear closely misses you. You furiously retaliate!
You headbutt the black bear. The black bear barely misses you.
The black bear claws you.
You completely miss the black bear.
The black bear is severely wounded.
The black bear is distracted by your dazzling golden aura.
You hit the black bear but do no damage.
The black bear is no longer distracted by gold.
The black bear is severely wounded.
You block the black bear's attack. x2; The black bear claws you.
The black bear goes berserk!
You hit the black bear but do no damage.
You headbutt the black bear, but do no damage.
The black bear is severely wounded.
You block the black bear's attack. x2
The black bear claws you but does no damage.
You barely miss the black bear.
You headbutt the black bear, but do no damage.
The black bear is severely wounded.
The black bear bites you!
The black bear claws you but does no damage.
The black bear completely misses you. The black bear bites you!
* * * LOW HITPOINT WARNING * * *
The black bear claws you.
* * * LOW HITPOINT WARNING * * *
The black bear barely misses you.
You feel very mighty all of a sudden. The black bear bites you!
* * * LOW HITPOINT WARNING * * *
The black bear claws you but does no damage.
The black bear claws you.
* * * LOW HITPOINT WARNING * * *
You block the black bear's attack. The black bear closely misses you.
The black bear claws you.
You die...
Your body crumbles into a pile of gold.

## ##### ..## ....# .⌠.⌠#
....################..._..
.<..............hh.'..⌠.⌠.
....################....##
....# ..## ....# ## #####
# # # # ###


You could see a black bear (berserk).

Vanquished Creatures
  Menkaure (D:4)
  A kobold brigand (D:6)
  2 bullfrogs (D:6)
  A scorpion (D:6)
  2 howler monkeys (D:4)
  2 bombardier beetles (D:4)
  2 hounds
  A jelly (D:6)
  An orc priest (D:5)
  2 sleepcaps
  An orc wizard (D:4)
  5 iguanas
  9 gnolls
  12 adders
  A shadow imp (D:6)
  4 dart slugs
  5 ribbon worms
  15 orcs
  11 ball pythons
  5 endoplasms
  5 giant cockroaches
  10 goblins
  11 hobgoblins
  7 jackals
  18 kobolds
  4 quokkas
  9 bats
  2 frilled lizards (D:1)
  6 rats
155 creatures vanquished.

Notes
Turn   | Place    | Note
-------+----------+-------------------------------------------
     0 | D:1      | Fodor the Minotaur Fighter began the quest for the Orb.
     0 | D:1      | Reached XP level 1. HP: 19/19 MP: 0/0
   179 | D:1      | Reached XP level 2. HP: 27/27 MP: 1/1
   362 | D:1      | Reached skill level 3 in Axes
   516 | D:1      | Reached XP level 3. HP: 33/33 MP: 2/2
   912 | D:2      | Identified the orb "Juaryjos" {*channel, ^Drain rPois
                  | Slay-3 SInv Alchemy}
   943 | D:2      | Found a sparkling altar of Nemelex Xobeh.
  1040 | D:2      | Reached XP level 4. HP: 40/40 MP: 3/3
  1597 | D:3      | Found a glowing golden altar of the Shining One.
  1698 | D:3      | Found Iceroik's Armour Emporium.
  1702 | D:3      | Reached skill level 1 in Shapeshifting
  1776 | D:3      | Reached XP level 5. HP: 44/45 MP: 4/4
  1812 | D:3      | You fall into a shaft and drop 1 floor!
  1822 | D:4      | Reached skill level 4 in Axes
  1822 | D:4      | Reached skill level 1 in Throwing
  1839 | D:4      | Reached skill level 1 in Dodging
  1839 | D:4      | Reached XP level 6. HP: 39/52 MP: 5/5
  1970 | D:4      | Noticed Menkaure
  1977 | D:4      | Killed Menkaure
  1978 | D:4      | Reached skill level 5 in Axes
  1978 | D:4      | Reached skill level 5 in Armour
  2453 | D:4      | Reached XP level 7. HP: 60/60 MP: 6/6
  2594 | D:4      | Reached skill level 6 in Axes
  3030 | D:3      | Identified the +6 broad axe of Day {heavy, rElec Str+4
                  | Int-4}
  3417 | D:5      | Entered Level 5 of the Dungeon
  3531 | D:5      | Reached skill level 7 in Axes
  3619 | D:5      | Found a staircase to the Ecumenical Temple.
  3631 | Temple   | Entered the Ecumenical Temple
  3659 | Temple   | Became a worshipper of Gozag Ym Sagoz the Greedy
  3940 | D:5      | Found a shimmering blue altar of Sif Muna.
  3944 | D:5      | Found an iron altar of Okawaru.
  4595 | D:6      | Reached skill level 5 in Fighting
  4595 | D:6      | Reached XP level 8. HP: 59/68 MP: 7/7
  4630 | D:6      | Reached skill level 8 in Axes
  4745 | D:6      | Found a sparkling altar of Nemelex Xobeh.
  4762 | D:6      | HP: 2/69 [black bear (3)]
  4762 | D:6      | Slain by a black bear

Illustrated notes

Levels and vault maps discovered:
D:1:      dpeg_arrival_three_bigger_balls, layout_basic
D:2:      layout_loops_cross, basic_altar
D:3:      minmay_bubble_buster, layout_loops_cross,
          mainiacjoe_overflow_six_doors_small, serial_shops, shop
D:4:      layout_gridville, minmay_bent, uniq_menkaure
D:5:      layout_rooms, nicolae_overflow_squiral, temple_fountains,
          minmay_misc_feat_alley
D:6:      layout_basic, nemelex_xobeh_ov_fountains_minmay, minmay_holes
Temple:   nicolae_temple_elliptical

Skill      XL: |  1  2  3  4  5  6  7  8 |
---------------+-------------------------+-----
Armour         | 4 5 6 |  6.2
Axes           | 3 4 5 7 8 |  8.2
Shields        | 4 |  4.7
Fighting       | 4 5 |  5.6
Shapeshifting  | 1 2 |  2.0
Throwing       | 1 |  1.9
Dodging        | 1 |  1.2
Stealth        | |  0.2

Action                     |  1- 3 |  4- 6 |  7- 9 || total
---------------------------+-------+-------+-------++-------
  Melee: War axe           |    76 |   101 |   133 ||   310
         Headbutt          |     7 |    15 |    24 ||    46
  Throw: Boomerang         |       |    18 |       ||    18
    Use: Potion            |       |       |     1 ||     1
 Armour: Scale mail        |    83 |    66 |       ||   149
         Chain mail        |       |    14 |   144 ||   158
  Dodge: Dodged            |    43 |    54 |    50 ||   147
  Block: Buckler           |    17 |    31 |    37 ||    85
   Form: Beast             |     1 |       |       ||     1

Table legend: (Time is in decaauts)
 A = Elapsed time spent in this place.
 B = Non-inter-level travel time spent in this place.
 C = Inter-level travel time spent in this place.
 D = Time resting spent in this place.
 E = Time spent auto-exploring this place.
 F = Levels seen in this place.
 G = Mean time per level.
                   A        B        C        D        E       F      G
               +--------+--------+--------+--------+--------+-----+--------+
         Total |   4851 |   4673 |    178 |    291 |   2887 |   7 |  693.0 |
       Dungeon |   4800 |   4622 |    178 |    291 |   2887 |   6 |  800.0 |
        Temple |     50 |     50 |      0 |      0 |      0 |   1 |   50.0 |
               +--------+--------+--------+--------+--------+-----+--------+

Top non-repeatable levels by time:
     D:3: 1034 daAuts
     D:4: 898 daAuts
     D:1: 812 daAuts
     D:2: 748 daAuts
     D:5: 722 daAuts
     D:6: 585 daAuts
  Temple: 50 daAuts
